Map: Inside and Out

Players

Ewa

  • Race: Zerg Zerg
  • League: Silver
  • Spawn Location: 7:00

Esgob - Winner!

  • Race: Terran Terran
  • League: Diamond
  • Spawn Location: 1:00

VOD

Have the link to the VOD?

Description

Time

  • Played on: Sept. 19, 2022, 6:19 p.m.
  • Length: 18:02
Show
View Real Time Build Order
Export as new Build Order

Ewa Zerg 

Build Orders: Hatch First 

Get SALT Encoding   

  12  0:04  Drone  
  13  0:17  Drone  
  14  0:42  Hatchery  
  13  0:56  Spawning Pool  
  12  0:58  Overlord  
  12  1:14  Drone, Extractor  
  12  1:15  Drone x2  
  14  1:29  Drone  
  15  1:38  Drone  
  16  1:44  Queen  
  18  1:53  Drone  
  19  1:55  Drone  
  19  1:57  Queen  
  22  2:07  Drone  
  23  2:09  Drone  
  24  2:30  Drone x2  
  24  2:35  Metabolic Boost  
  24  2:36  Zergling x4  
  28  2:38  Overlord x2  
  28  2:56  Drone x2  
  30  3:04  Drone x4  
  34  3:10  Drone  
  34  3:11  Drone x3  
  38  3:17  Roach Warren  
  37  3:27  Spore Crawler  
  36  3:35  Drone x4  
  36  3:40  Lair  
  40  3:41  Extractor  
  39  3:51  Drone  
  39  3:52  Drone x2  
  42  4:14  Overlord x2  
  42  4:19  Roach x2, Hatchery, Spine Crawler  
  42  4:22  Overlord x2  
  44  4:54  Spire  
  43  5:00  Extractor  
  43  5:04  Extractor  
  43  5:05  Queen  
  43  5:11  Evolution Chamber  
  42  5:16  Evolution Chamber  
  42  5:21  Drone x3  
  43  5:24  Roach x3  
  43  5:25  Roach x5  
  60  5:35  Drone x3  
  62  5:36  Drone x2  
  62  5:41  Queen  
  67  5:46  Drone  
  68  5:52  Overseer  
  68  5:57  Pneumatized Carapace  
  68  6:02  Roach x3  
  74  6:07  Mutalisk  
  76  6:12  Drone x4  
  76  6:14  Drone x2  
  82  6:27  Overlord x3  
  82  6:42  Zerg Ground Armor Level 1  
  82  6:45  Queen  
  82  6:46  Zerg Missile Weapons Level 1  
  84  6:47  Mutalisk x2  
  88  6:55  Extractor  
  88  6:58  Mutalisk, Extractor  
  88  6:59  Mutalisk  
  90  7:11  Drone x8  
  90  7:12  Drone x4  
  94  7:23  Roach x4  
  84  7:31  Roach  
  84  7:33  Mutalisk x2  
  84  7:37  Roach  
  86  7:46  Drone x3  
  89  8:02  Mutalisk x3  
  95  8:07  Hatchery  
  94  8:14  Zerg Flyer Weapons Level 1  
  94  8:33  Mutalisk x2  
  94  8:34  Mutalisk  
  98  8:56  Mutalisk x3  
  98  9:12  Zergling x8  
  98  9:13  Roach x2  
  98  9:14  Overlord x4  
  98  9:15  Overlord x2  
  106  9:19  Glial Reconstitution  
  106  9:32  Drone x2  
  106  9:33  Drone x3  
  111  9:41  Zergling x8  
  111  9:42  Zergling x10  
  120  9:54  Zergling x6  
  120  9:55  Zergling x4  
  124  10:08  Zerg Flyer Armor Level 1  
  124  10:09  Mutalisk x2, Roach  
  124  10:10  Roach  
  124  10:11  Roach x5  
  107  10:24  Baneling Nest  
  102  10:33  Drone x2  
  102  10:34  Drone x4  
  108  10:36  Drone x5  
  113  10:52  Infestation Pit  
  113  10:56  Extractor  
  111  10:58  Drone, Mutalisk x2, Extractor  
  111  10:59  Mutalisk x3, Roach x2  
  120  11:05  Mutalisk  
  120  11:11  Roach x6  
  94  11:27  Hydralisk Den  
  94  11:32  Spore Crawler x2  
  82  11:33  Spore Crawler  
  82  11:34  Spore Crawler  
  82  11:36  Spore Crawler  
  76  11:43  Mutalisk x2, Corruptor  
  76  11:44  Corruptor x3  
  65  11:54  Queen  
  67  12:02  Hydralisk x3  
  67  12:03  Hydralisk x6  
  83  12:21  Hydralisk x6  
  93  12:28  Zergling x10  
  78  12:51  Lurker Den  
  78  12:57  Grooved Spines  
  75  13:11  Roach x2  
  75  13:12  Roach x2  
  68  13:36  Hatchery  
  68  13:39  Roach x5  
  68  13:40  Roach  
  79  13:56  Hatchery  
  79  14:00  Lurker x2  
  80  14:05  Roach  
  80  14:06  Roach x2  
  86  14:18  Spore Crawler  
  86  14:19  Spore Crawler x2  
  83  14:24  Spore Crawler  
  72  14:44  Zergling x6  
  72  14:45  Zergling x6  
  78  14:53  Drone  
  78  14:58  Roach x2  
  83  15:06  Hatchery  
  82  15:13  Hatchery  
  81  15:18  Zergling x4  
  81  15:19  Zergling x10  
  88  15:24  Drone x4, Extractor  
  88  15:25  Drone x2, Extractor  
  92  15:41  Drone x4  
  90  15:53  Roach x3  
  88  16:01  Roach x7  
  91  16:11  Roach x3  
  95  16:14  Overlord x2  
  81  16:31  Roach x3, Hydralisk x5  
  69  16:45  Roach x5  
  71  17:06  Lurker  
  64  17:15  Zergling x12  
  59  17:16  Zergling x10  
  59  17:22  Roach x3  
  63  17:41  Zergling x14  
  63  17:42  Zergling x2  
Show
View Real Time Build Order
Export as new Build Order

Esgob Terran - Winner!

Build Orders:  

Get SALT Encoding   

  12  0:07  SCV  
  13  0:19  SCV  
  14  0:25  Supply Depot  
  14  0:31  SCV  
  15  0:37  Engineering Bay  
  15  0:47  SCV  
  16  0:53  Refinery  
  16  0:59  SCV  
  17  1:07  Supply Depot  
  17  1:11  SCV  
  17  1:12  Refinery  
  18  1:23  SCV  
  19  1:35  SCV  
  19  1:36  Barracks  
  20  1:48  SCV  
  21  1:59  Terran Infantry Weapons Level 1  
  21  2:00  SCV  
  22  2:18  SCV  
  22  2:20  Command Center  
  23  2:25  Barracks Reactor  
  23  2:30  SCV  
  24  2:38  Missile Turret  
  24  2:42  SCV  
  25  2:52  Sensor Tower  
  25  2:54  SCV  
  26  3:05  Bunker, Marine  
  27  3:06  SCV, Marine  
  29  3:22  Marine  
  29  3:24  Marine  
  31  3:32  Factory  
  31  3:33  SCV  
  32  3:35  SCV  
  32  3:40  Marine  
  34  3:42  Marine  
  34  3:45  SCV  
  36  3:49  SCV  
  37  3:57  SCV  
  37  3:58  Marine  
  37  3:59  Marine  
  37  4:01  SCV, Terran Infantry Armor Level 1  
  41  4:09  SCV  
  42  4:21  Marine x2  
  44  4:25  SCV x2  
  46  4:34  Factory Tech Lab, Supply Depot  
  46  4:45  Missile Turret  
  46  4:55  SCV x2, Marine x2  
  46  4:57  Supply Depot  
  50  5:07  SCV x2  
  50  5:08  Refinery  
  50  5:10  Refinery  
  50  5:13  Marine x2  
  54  5:18  Siege Tank  
  54  5:20  SCV x2, Starport, Supply Depot  
  59  5:32  SCV x2  
  61  5:43  Starport  
  61  5:44  SCV x2  
  63  5:50  Siege Tank  
  63  5:54  Missile Turret  
  63  5:56  SCV x2  
  68  6:07  Missile Turret  
  68  6:11  Starport Tech Lab  
  68  6:14  Supply Depot  
  68  6:20  Barracks Reactor  
  68  6:28  Missile Turret  
  68  6:35  Siege Tank  
  68  6:37  Supply Depot  
  68  6:39  Armory  
  71  6:43  Banshee  
  71  6:45  Medivac x2  
  78  6:57  Missile Turret  
  78  7:01  Supply Depot  
  78  7:07  Siege Tank  
  81  7:09  Orbital Command  
  81  7:15  Medivac  
  81  7:19  Missile Turret  
  81  7:22  SCV  
  80  7:25  Viking  
  80  7:26  Banshee  
  71  7:41  Missile Turret, Marine x2  
  71  7:45  Viking  
  73  7:55  Viking, Terran Vehicle Weapons Level 1  
  75  7:59  Orbital Command, Marine x2  
  77  8:11  Liberator  
  77  8:12  Command Center  
  80  8:15  Viking  
  80  8:17  Marine x2  
  84  8:25  Viking  
  86  8:40  Marine  
  86  8:41  Marine  
  88  8:43  Missile Turret  
  88  8:45  Viking, Command Center  
  90  8:54  Liberator  
  93  8:58  Marine  
  94  9:19  Supply Depot  
  94  9:23  Viking, Thor, Marine x2, Terran Infantry Weapons Level 2  
  104  9:35  Missile Turret  
  104  9:37  Banshee  
  107  9:38  Planetary Fortress  
  107  9:39  SCV  
  107  9:40  SCV  
  107  9:41  Marine  
  107  9:42  Supply Depot  
  110  9:49  Terran Vehicle And Ship Armor Level 1  
  110  9:52  SCV x2, Supply Depot  
  112  10:05  Supply Depot  
  110  10:14  Supply Depot  
  110  10:20  Banshee  
  113  10:28  Missile Turret  
  113  10:31  Siege Tank  
  113  10:35  Marine x2  
  118  10:40  SCV  
  118  10:41  SCV x2  
  121  10:46  Refinery  
  121  10:48  Refinery  
  121  10:52  Marine  
  121  10:53  SCV x2, Marine  
  125  11:03  Siege Tank  
  126  11:04  SCV  
  126  11:09  Viking x2  
  123  11:11  Banshee  
  123  11:13  Marine  
  123  11:14  Marine  
  122  11:29  SCV x3  
  122  11:31  Marine x2  
  127  11:36  Siege Tank  
  127  11:39  Viking x2, Hi-Sec Auto Tracking  
  134  11:41  SCV x2  
  134  11:42  SCV  
  134  11:43  Terran Vehicle Weapons Level 2  
  133  11:54  Banshee  
  136  12:08  Siege Tank  
  139  12:09  Viking x2  
  139  12:14  Marine x2  
  145  12:32  Marine x2  
  145  12:33  Barracks  
  145  12:36  Supply Depot  
  147  12:57  Banshee  
  150  12:59  Thor, Supply Depot  
  149  13:21  Barracks  
  149  13:23  SCV x2, Supply Depot  
  151  13:30  Command Center  
  151  13:33  Marine  
  151  13:34  Command Center, Marine  
  152  13:40  Banshee  
  156  13:42  Thor  
  156  13:43  Viking  
  156  13:44  Viking  
  166  13:50  Terran Infantry Weapons Level 3  
  166  13:51  Marine  
  166  13:52  Marine  
  166  13:53  Supply Depot  
  168  14:09  Marine x2  
  169  14:13  Medivac  
  169  14:14  Medivac  
  169  14:17  Supply Depot  
  174  14:25  Thor  
  174  14:27  Marine  
  174  14:39  Supply Depot  
  174  14:43  Medivac  
  176  14:49  SCV x4  
  180  14:58  Planetary Fortress  
  180  15:01  SCV x4  
  180  15:02  Supply Depot  
  180  15:03  Supply Depot  
  184  15:08  Thor  
  184  15:13  SCV x4  
  194  15:20  Barracks Tech Lab x2  
  194  15:25  SCV  
  194  15:26  Supply Depot  
  195  15:32  Refinery  
  195  15:48  Supply Depot  
  174  16:09  Marauder x2  
  178  16:12  Marine x2, Supply Depot  
  178  16:17  Banshee  
  182  16:29  Marine  
  182  16:30  Marine  
  182  16:31  Marauder x2  
  181  16:35  Supply Depot  
  181  16:44  Supply Depot  
  181  16:47  Marine x2  
  181  16:52  Marauder x2  
  185  16:58  Supply Depot  
  185  17:00  Banshee  
  188  17:05  Marine x2  
  188  17:07  Supply Depot  
  190  17:13  Marauder  
  190  17:14  Marauder  
  193  17:22  Missile Turret  
  193  17:35  Marauder x2  
  200  17:44  Missile Turret x2  
  200  17:53  Command Center  
Tags
 
Add a new tag
Caveats
  • Supply blocks, unpowered buildings, or Contaminate may cause inaccurate times.
  • Supply counts are checked every 10 seconds.